 Dungeon Crawl Stone Soup version 0.26.1-10-gdfb7c7de75 (webtiles) character file.

Game seed: 12210536394581084821

264 phalm the Conjurer (level 5, -2/28 HPs)
             Began as a Deep Elf Conjurer on Apr 6, 2021.
             Was an Initiate of Vehumet.
             Blown up by an orc (15 damage)
             ... with a disintegration bolt
             ... on level 4 of the Dungeon.
             The game lasted 00:09:15 (4500 turns).

phalm the Conjurer (Deep Elf Conjurer)              Turns: 4500, Time: 00:09:16

Health: -2/28      AC:  7    Str:  4    XL:     5   Next: 98%
Magic:  11/11      EV: 13    Int: 24    God:    Vehumet [......]
Gold:   207        SH:  0    Dex: 13    Spells: 7/10 levels left

rFire    . . .     SeeInvis .   k - +2 quarterstaff (chaos)
rCold    . . .     Faith    .   (shield currently unavailable)
rNeg     . . .     Spirit   .   a - +0 robe
rPois    .         Reflect  .   t - +2 hat
rElec    .         Harm     .   l - +0 cloak (curse)
rCorr    .         Rampage  .   q - +0 pair of gloves
Will     .....                  s - +0 pair of boots
Stlth    ++........             (no amulet)
HPRegen  0.09/turn              (no ring)
MPRegen  0.12/turn              (no ring)

@: no status effects
A: no striking features
a: Renounce Religion


You were on level 4 of the Dungeon.
You worshipped Vehumet.
Vehumet was noncommittal.
You visited 1 branch of the dungeon, and saw 4 of its levels.

You collected 207 gold pieces.

Inventory:

Hand Weapons
 k - a +2 quarterstaff of chaos (weapon)
Armour
 a - a +0 robe (worn)
 l - a cursed +0 cloak (worn)
 q - a +0 pair of gloves (worn)
 s - a +0 pair of boots (worn)
 t - a +2 hat (worn)
Wands
 p - a wand of acid (11)
Scrolls
 b - a scroll of noise {unknown}
 c - 2 scrolls of fog {unknown}
 d - 5 scrolls of identify {unknown}
 f - 2 scrolls of immolation {unknown}
 g - 2 scrolls of amnesia {unknown}
 n - 2 scrolls of fear {unknown}
 r - a scroll of magic mapping {unknown}
Potions
 e - 2 potions of degeneration {unknown}
 h - a potion of attraction {unknown}
 i - a potion of curing
 j - a potion of brilliance {unknown}
 m - a potion of mutation {unknown}
 o - a potion of lignification {unknown}


   Skills:
 + Level 0.4 Fighting
 + Level 0.7 Staves
 + Level 2.7 Dodging
 - Level 2.4 Stealth
 + Level 3.2 Spellcasting
 + Level 7.6 Conjurations


You had 7 spell levels left.
You knew the following spells:

 Your Spells              Type           Power        Failure   Level
a - Magic Dart            Conj           100%         1%          1
b - Searing Ray           Conj           80%          1%          2

Your spell library contained the following spells:

 Spells                   Type           Power        Failure   Level
 Dazzling Flash           Conj/Hex       44%          7%          3
 Fulminant Prism          Conj/Hex       11%          22%         4
 Iskenderun's Mystic Bla  Conj/Tloc      22%          22%         4


Dungeon Overview and Level Annotations

Branches:
Dungeon (4/15)
 Temple: D:4-7

Altars:
Cheibriados
Hepliaklqana
Kikubaaqudgha
Sif Muna
Vehumet
Yredelemnul


Message History

You feel sick.
You feel sick.
You feel sick.
You feel sick.
You are no longer poisoned.
An orc comes into view. It is wielding a +0 morningstar.
You are too injured to fight recklessly!
You are too injured to fight recklessly!
An orc is nearby!
You are too injured to fight recklessly!
An orc is nearby!
You are too injured to fight recklessly!
An orc is nearby!
An ogre comes into view. It is wielding a +0 giant club.
An ogre is nearby!
The orc shouts!
The orc zaps a wand.
You struggle to resist.
The orc zaps a wand.
You are blasted!
Ouch! That really hurt!
You die...

#####...##.#.O### ..
.....#..†..[.... ...#
#..###.....##
#..###...#.....##
#..##......##.##
#.##..#.......##.# ###.#
.............# ...#
#.#.......####
..##.###.##....@#######
.#.........o............
...##.##.#.....†.######.
#.# #.##.....###...###
#.# #.........♣###...#
#.###.######♣..♣ ###.##
#.##..#♣♣♣♣♣#♣... #..#
#..>.##♣....♣#♣... ##.##
#....#♣.[...⌠♣ ... #..#


You could see an orc.

Vanquished Creatures
  A howler monkey (D:4)
  Crazy Yiuf (D:2)
  An orc priest (D:3)
  A worker ant (D:4)
  4 gnolls (D:3)
  2 adders (D:3)
  A worm (D:3)
  4 dart slugs
  2 leopard geckos
  3 orcs
  17 bats
  6 giant cockroaches
  6 goblins
  7 hobgoblins
  6 kobolds
  A quokka (D:3)
  2 ball pythons
  3 frilled lizards
  9 rats
77 creatures vanquished.

Vanquished Creatures (others)
  10 plants (D:3)
10 creatures vanquished.

Grand Total: 87 creatures vanquished

Notes
Turn   | Place    | Note
-------+----------+-------------------------------------------
     0 | D:1      | phalm the Deep Elf Conjurer began the quest for the Orb.
     0 | D:1      | Reached XP level 1. HP: 10/10 MP: 6/6
   298 | D:1      | Reached XP level 2. HP: 11/15 MP: 5/8
   300 | D:1      | Reached skill level 5 in Conjurations
   955 | D:1      | Reached XP level 3. HP: 19/19 MP: 4/9
  1209 | D:2      | Found a faded altar of an unknown god.
  1651 | D:2      | Found a runed translucent door.
  1652 | D:2      | Noticed Crazy Yiuf
  1666 | D:2      | Killed Crazy Yiuf
  1667 | D:2      | Reached skill level 6 in Conjurations
  1906 | D:2      | Reached XP level 4. HP: 24/24 MP: 8/10
  2100 | D:2      | Found a snail-covered altar of Cheibriados.
  3023 | D:3      | Found a radiant altar of Vehumet.
  3028 | D:3      | Became a worshipper of Vehumet
  3377 | D:3      | HP: 1/24 [gnoll (8)]
  3439 | D:3      | Reached skill level 7 in Conjurations
  3439 | D:3      | Reached XP level 5. HP: 17/28 MP: 9/11
  3635 | D:3      | Found an ancient bone altar of Kikubaaqudgha.
  3639 | D:3      | Found a shimmering blue altar of Sif Muna.
  4000 | D:3      | Found a hazy altar of Hepliaklqana.
  4193 | D:3      | Learned a level 2 spell: Searing Ray
  4286 | D:4      | Found a basalt altar of Yredelemnul.
  4495 | D:4      | Noticed an ogre
  4500 | D:4      | Blown up by an orc

Illustrated notes

Levels and vault maps discovered:
D:1:      scummos_arrival_simple_crosswalls, layout_loops_ring,
          grunt_decor_one_mirror, minmay_pentomino_r2
D:2:      layout_basic, nicolae_overflow_hidden_temple,
          chequers_ecumenical_altar_grove, minmay_puff, uniq_crazy_yiuf_cottage
D:3:      layout_basic, lemuel_doored_altar, grunt_temple_overflow_open,
          serial_curves, eino_curves_02, eino_curves_04, serial_bayou_ford_a,
          kennysheep_flooded_box, minmay_vboxes
D:4:      layout_loops_ring, kennysheep_ying_yang

Skill      XL: |  1  2  3  4 |
---------------+-------------+-----
Conjurations   | 5 6 7 |  7.6
Fighting       | |  0.4
Staves         | |  0.7
Dodging        | |  2.7
Stealth        | |  2.4
Spellcasting   | |  3.2

Action                   |  1- 3 |  4- 6 || total
-------------------------+-------+-------++-------
Melee: Unarmed           |    10 |       ||    10
       Quarterstaff      |     2 |    30 ||    32
 Cast: Magic Dart        |    58 |    99 ||   157
Evoke: Wand              |       |     1 ||     1
  Use: Potion            |       |     1 ||     1
 Stab: Sleeping          |     1 |     1 ||     2
Armor: Robe              |     6 |    11 ||    17
Dodge: Dodged            |    15 |    37 ||    52
